 Dungeon Crawl Stone Soup version 0.22.1-2-g9c5b331 (webtiles) character file.

1472 Fang the Chopper (level 8, 0/51 HPs)
             Began as a Gargoyle Berserker on Nov 16, 2018.
             Was an Elder of Trog.
             Slain by a black bear (2 damage)
             ... on level 7 of the Dungeon.
             The game lasted 00:08:37 (5834 turns).

Fang the Chopper (Gargoyle Berserker)               Turns: 5834, Time: 00:08:38

Health: 0/51       AC: 15    Str: 23    XL:     8   Next: 78%
Magic:  8/8        EV:  9    Int:  8    God:    Trog [****..]
Gold:   294        SH:  0    Dex:  9    Spells: 7/7 levels left

rFire    . . .     SeeInvis .   a - +0 hand axe
rCold    . . .     Gourm    .   (no shield)
rNeg     + . .     Faith    .   e - +0 chain mail
rPois    ∞         Spirit   .   (no helmet)
rElec    +         Reflect  .   (no cloak)
rCorr    .         Harm     .   (no gloves)
MR       .....                  (no boots)
Stlth    ..........             (no amulet)
HPRegen  0.17/turn              q - ring of stealth
MPRegen  0.11/turn              (no ring)

@: marked, berserk cooldown, slowed, very slow
A: negative energy resistance 1, electricity resistance, unbreathing,
petrification resistance, rot immunity, AC +5
a: Berserk, Trog's Hand, Brothers in Arms, Renounce Religion


You were on level 7 of the Dungeon.
You worshipped Trog.
Trog was greatly pleased with you.
You were very hungry.

You visited 2 branches of the dungeon, and saw 8 of its levels.

You collected 294 gold pieces.

Inventory:

Hand Weapons
 a - a +0 hand axe (weapon)
Armour
 e - a +0 chain mail (worn)
Jewellery
 q - a ring of stealth (left hand)
 v - an uncursed ring of protection from magic {unknown}
 x - the amulet of Vitality {Regen+ HP+15}
   (You found it on level 6 of the Dungeon)

   [amulet of regeneration]

   It affects your health (+15).
   It increases your rate of regeneration.
 y - a +2 ring of evasion {unknown}
Wands
 o - a wand of random effects (46)
Scrolls
 d - 5 scrolls of teleportation {unknown}
 f - 10 scrolls of identify {unknown}
 g - a scroll of blinking {unknown}
 h - 2 scrolls of amnesia {unknown}
 i - 3 scrolls of remove curse {unknown}
 k - a scroll of magic mapping {unknown}
 r - a scroll of immolation {unknown}
 t - a scroll of enchant armour {unknown}
 u - a scroll of noise {unknown}
Potions
 b - 3 potions of degeneration {unknown}
 j - a potion of magic {unknown}
 l - 2 potions of ambrosia {unknown}
 m - a potion of heal wounds {unknown}
 n - a potion of flight {unknown}
 p - a potion of invisibility {unknown}
 s - 3 potions of curing {unknown}
 w - a potion of lignification {unknown}
 z - a potion of might {unknown}
 B - a potion of cancellation {unknown}
Comestibles
 c - 8 rations
 A - 2 chunks of flesh


   Skills:
 + Level 6.1 Fighting
 + Level 7.5 Axes
 + Level 5.9 Armour
 + Level 2.5 Dodging
 + Level 0.4 Stealth


You had 7 spell levels left.
You didn't know any spells.
Your spell library was empty.

Dungeon Overview and Level Annotations

Branches:
Dungeon (7/15)             Temple (1/1) D:4

Altars:
Elyvilon
Fedhas
Makhleb
Nemelex Xobeh
Sif Muna
Trog
Wu Jian
The Shining One

Shops:
D:7 [

Annotations:
D:4 1 runed door
D:7 Harold


Innate Abilities, Weirdness & Mutations

You are resistant to torment.
Your stone body is resilient. (AC +5)
You are immune to poison.
You resist negative energy. (rN+)
You are resistant to electric shocks. (rElec)
You can survive without breathing.
You are immune to petrification.
You are immune to rotting.


Message History

The black bear claws you but does no damage.
The black bear claws you. The bullfrog zombie hits you.
Harold hits you with a dire flail.
* * * LOW HITPOINT WARNING * * *
The hound stops to sniff the ground.
The black bear bites you.
* * * LOW HITPOINT WARNING * * *
The black bear claws you but does no damage. x2
The bullfrog zombie hits you.
* * * LOW HITPOINT WARNING * * *
Unknown command.
Unknown command.
You fail to use your ability.
The hound falls through a shaft!
The shaft crumbles and collapses.
Harold casts a spell at you. A sentinel's mark forms upon you.
The bullfrog zombie hits you.
* * * LOW HITPOINT WARNING * * *
The black bear barely misses you. The black bear claws you.
You die...

###.# ...
#...######.###.#..# .#
#........<..#.....###[##
#...#######.#.......%...
#...# #........... #...#
#.#..%........ #...#
#.#.....5%.... ....#
#.#...§@...... ...##
#...%.@hc..... ...#
##.....Z...... ...#
#...########. ...#
#.(.....# ...##
#..>....# ....##
#.......# ###..#
#.......#
..##.#######.......#
#..................#


You could see Harold, a black bear, a centaur, a shadow imp and a bullfrog
zombie.

Vanquished Creatures
  Grinder (D:2)
  A phantom (D:5)
  A sky beast (D:6)
  An ogre (D:5)
  2 bullfrogs
  A wyvern zombie (D:7)
  A scorpion (D:4)
  A howler monkey (D:6)
  A centaur zombie (D:5)
  3 crimson imps
  A bullfrog zombie (D:6)
  2 hounds
  2 orc priests
  2 iguanas
  Jessica (D:2)
  Terence (D:3)
  An orc wizard (D:6)
  2 worker ants
  Robin (D:3)
  10 adders
  3 shadow imps (D:5)
  An ooze (D:3)
  An adder zombie (D:5)
  An adder skeleton (D:4)
  2 worms (D:2)
  4 dart slugs
  4 leopard geckos
  13 orcs
  2 ball pythons (D:3)
  10 bats
  6 giant cockroaches
  16 hobgoblins
  5 kobolds
  4 quokkas
  8 frilled lizards
  24 goblins
  A leopard gecko skeleton (D:6)
  10 rats
151 creatures vanquished.

Notes
Turn   | Place    | Note
-------+----------+-------------------------------------------
     0 | D:1      | Fang the Gargoyle Berserker began the quest for the Orb.
     0 | D:1      | Reached XP level 1. HP: 14/14 MP: 1/1
   189 | D:1      | Reached XP level 2. HP: 18/19 MP: 2/2
   274 | D:1      | Reached skill level 3 in Axes
   524 | D:1      | Reached XP level 3. HP: 22/24 MP: 3/3
   694 | D:1      | Reached ** piety under Trog
   885 | D:2      | Noticed Jessica
   889 | D:2      | Killed Jessica
   889 | D:2      | Reached XP level 4. HP: 23/29 MP: 4/4
  1024 | D:2      | Reached XP level 5. HP: 4/33 MP: 5/5
  1418 | D:2      | Reached skill level 4 in Axes
  1516 | D:2      | Found a deep blue altar of Sif Muna.
  1609 | D:2      | Found a blossoming altar of Fedhas.
  1609 | D:2      | Found an ornate altar of the Wu Jian Council.
  1652 | D:2      | Found a burning altar of Makhleb.
  1840 | D:3      | Noticed Grinder
  1856 | D:3      | Paralysed by Grinder for 7 turns
  1886 | D:3      | Reached *** piety under Trog
  2172 | D:2      | Paralysed by Grinder for 5 turns
  2186 | D:2      | Killed Grinder
  2186 | D:2      | Reached skill level 5 in Axes
  2186 | D:2      | Reached XP level 6. HP: 25/40 MP: 6/6
  2249 | D:3      | Noticed Terence
  2254 | D:3      | Killed Terence
  2280 | D:3      | Noticed Robin
  2288 | D:3      | Killed Robin
  2288 | D:3      | Reached skill level 5 in Fighting
  2288 | D:3      | Reached XP level 7. HP: 44/44 MP: 7/7
  2715 | D:3      | Found a bloodstained altar of Trog.
  2727 | D:3      | Found a glowing golden altar of the Shining One.
  2927 | D:4      | Reached **** piety under Trog
  3233 | D:4      | Found a runed door.
  3234 | D:4      | Found a white marble altar of Elyvilon.
  3240 | D:4      | Noticed an angel
  3330 | D:4      | Found a staircase to the Ecumenical Temple.
  3536 | Temple   | Entered the Ecumenical Temple
  3556 | D:5      | Entered Level 5 of the Dungeon
  3724 | D:5      | Reached skill level 6 in Axes
  4051 | D:5      | Found a sparkling altar of Nemelex Xobeh.
  4133 | D:5      | Reached skill level 5 in Armour
  4133 | D:5      | Reached XP level 8. HP: 16/51 MP: 8/8
  5272 | D:6      | Found the amulet of Vitality {Regen+ HP+15}
  5392 | D:6      | Reached skill level 7 in Axes
  5736 | D:7      | Found Abyuneabue's Antique Armour Emporium.
  5823 | D:7      | Noticed Harold
  5834 | D:7      | HP: 2/51 [bullfrog zombie (2)]
  5834 | D:7      | Slain by a black bear

Skill      XL: |  1  2  3  4  5  6  7  8 |
---------------+-------------------------+-----
Axes           | 3 5 6 7 |  7.5
Fighting       | 4 5 6 |  6.1
Dodging        | 2 |  2.5
Armour         | 3 5 |  5.9
Stealth        | |  0.4

Action                   |  1- 3 |  4- 6 |  7- 9 || total
-------------------------+-------+-------+-------++-------
Melee: Hand axe          |   102 |   228 |   393 ||   723
Invok: Berserk           |     1 |     3 |     1 ||     5
  Eat: Chunk             |     1 |     7 |     9 ||    17
       Ration            |       |       |     1 ||     1
Armor: Animal skin       |     8 |       |       ||     8
       Chain mail        |    57 |   151 |   258 ||   466
       Skin              |     1 |       |       ||     1
Dodge: Dodged            |    48 |   104 |   184 ||   336
